 Dungeon Crawl Stone Soup version 0.25-a0-1078-gea6e5d949a (webtiles) character file.

Game seed: 13512458188764943641, levelgen mode: deterministic

156 Maedhros the Insei (level 5, -1/33 HPs)
             Began as an Octopode Artificer on May 15, 2020.
             Slain by an ogre
             ... wielding a +0 giant spiked club
              (20 damage)
             ... on level 4 of the Dungeon.
             The game lasted 00:02:49 (551 turns).

Maedhros the Insei (Octopode Artificer)              Turns: 551, Time: 00:02:50

Health: -1/33      AC:  1    Str: 11    XL:     5   Next: 37%
Magic:  7/7        EV: 13    Int: 14    God:
Gold:   59         SH:  0    Dex: 13    Spells: 4/4 levels left

rFire    . . .     SeeInvis .   a - +0 short sword
rCold    . . .     Gourm    .   (no shield)
rNeg     . . .     Faith    .   (helmet restricted)
rPois    .         Spirit   .   (no amulet)
rElec    .         Reflect  .   (no ring)
rCorr    .         Harm     .   (no ring)
MR       .....                  (no ring)
Stlth    +++.......             (no ring)
HPRegen  0.11/turn              (no ring)
MPRegen  0.10/turn              (no ring)
                                (no ring)
                                (no ring)

@: no status effects
A: almost no armour, stealthy swim, amphibious, 8 rings, constrict 8, camouflage
1, gelatinous body 1
a: no special abilities


You were on level 4 of the Dungeon.
You were not hungry.

You visited 1 branch of the dungeon, and saw 4 of its levels.

You collected 59 gold pieces.

Inventory:

Hand Weapons
 a - a +0 short sword (weapon)
Wands
 b - a wand of flame (10)
 c - a wand of enslavement (10)
 d - a wand of random effects (11)
 h - a wand of disintegration (11)
Scrolls
 g - a scroll of identify
Potions
 e - a potion of brilliance
Comestibles
 f - 2 rations


   Skills:
 - Level 1.0 Fighting
 - Level 1.0 Short Blades
 - Level 2.0 Dodging
 - Level 4.0 Stealth
 + Level 4.1 Unarmed Combat
 - Level 3.2 Evocations


You had 4 spell levels left.
You didn't know any spells.
Your spell library was empty.

Dungeon Overview and Level Annotations

Branches:
Dungeon (4/15)
 Temple: D:4-7

Altars:
Dithmenos
Fedhas
Hepliaklqana
Nemelex Xobeh
The Shining One

Annotations:
D:2 Natasha


Innate Abilities, Weirdness & Mutations

You cannot wear most types of armour.
You are very stealthy in the water. (Stealth+)
You are amphibious.
You can wear up to eight rings at the same time.
You can use your tentacles to constrict eight enemies at once.
Your skin changes colour to match your surroundings (Stealth+).
Your rubbery body absorbs attacks. (AC +1, EV +1)


Message History

Evoke which item? (* to show all) (? for menu, Esc to quit)
Aiming: Random Effects
Press: ? - help, Shift-Dir - straight line, f/p - ogre
Aim: an ogre, wielding a +0 giant spiked club The ogre seems to speed up.
Evoke which item? (* to show all) (? for menu, Esc to quit)
Aiming: Enslavement
Press: ? - help, Shift-Dir - straight line, f/p - ogre
Aim: an ogre, wielding a +0 giant spiked club (fast, chance to defeat MR: 55%)
The ogre resists with significant effort.
The ogre misses you.
Evoke which item? (* to show all) (? for menu, Esc to quit)
Aiming: Enslavement
Press: ? - help, Shift-Dir - straight line, f/p - ogre
Aim: an ogre, wielding a +0 giant spiked club (fast, chance to defeat MR: 55%)
The ogre resists with significant effort.
The ogre closely misses you.
The ogre hits you with a +0 giant spiked club!!
Ouch! That really hurt!
You die...

#......# #......#
#......# #......#
#.....$# +......#
###......# #..O.#
#..@.# .....
#....+ .....
#....###...# ..
##.....#...####..#
#.....#.........#
#.....#.........#
#.....#.........#
#.....'.........#
#.....#.........#


You could see an ogre (fast).

Vanquished Creatures
  Terence (D:2)
  A hound (D:4)
  Ijyb (D:4)
  An adder (D:2)
  An ooze (D:2)
  A leopard gecko (D:2)
  An orc (D:2)
  A giant cockroach (D:2)
  2 hobgoblins
  3 jackals (D:1)
  A quokka (D:4)
  2 bats
  3 frilled lizards
  A goblin (D:2)
  A kobold (D:2)
  A rat (D:2)
22 creatures vanquished.

Vanquished Creatures (collateral kills)
  A hobgoblin (D:2)
  A bat (D:2)
2 creatures vanquished.

Vanquished Creatures (others)
  A worker ant (D:2)
1 creature vanquished.

Grand Total: 25 creatures vanquished

Notes
Turn   | Place    | Note
-------+----------+-------------------------------------------
     0 | D:1      | Maedhros the Octopode Artificer began the quest for the
                  | Orb.
     0 | D:1      | Reached XP level 1. HP: 13/13 MP: 3/3
    47 | D:1      | Reached XP level 2. HP: 4/18 MP: 4/4
    88 | D:2      | Found a sparkling altar of Nemelex Xobeh.
   103 | D:2      | Noticed Terence
   126 | D:2      | Killed Terence
   126 | D:2      | Reached XP level 3. HP: 11/23 MP: 5/5
   126 | D:2      | Reached XP level 4. HP: 13/28 MP: 6/6
   142 | D:2      | Found a glowing golden altar of the Shining One.
   198 | D:2      | Noticed Natasha
   201 | D:2      | HP: 1/28 [Natasha/magic dart (8)]
   233 | D:2      | Found a hazy altar of Hepliaklqana.
   334 | D:2      | Found a shadowy altar of Dithmenos.
   371 | D:3      | Found a blossoming altar of Fedhas.
   411 | D:4      | Noticed Ijyb
   418 | D:4      | Killed Ijyb
   418 | D:4      | Reached XP level 5. HP: 13/33 MP: 7/7
   543 | D:4      | Noticed an ogre
   551 | D:4      | Slain by an ogre

Illustrated notes

Levels and vault maps discovered:
D:1:      dpeg_arrival_simpleton_c, layout_basic, serial_forest,
          infiniplex_forest_end_3, infiniplex_forest_clump_tiny,
          infiniplex_forest_end_1, infiniplex_forest_zigzag_2,
          infiniplex_forest_straight_3, infiniplex_forest_straight_1,
          infiniplex_forest_straight_3, infiniplex_forest_zigzag_1,
          kennysheep_flooded_box, minmay_heptomino_d4
D:2:      minmay_diamond_boxcup, layout_basic, lemuel_round_altar,
          nicolae_overflow_crystal_walls, tso_metal_star, grunt_decor_fettered,
          nemelex_dance_club_becter, uniq_natasha, uniq_terence
D:3:      layout_basic, chequers_decorated_corner, fedhas_altar_3
D:4:      layout_gridville, uniq_ijyb

Skill      XL: |  1  2  3  4  5 |
---------------+----------------+-----
Stealth        | 2 4 |  4.0
Unarmed Combat | 2 3 4 |  4.1
Fighting       | |  1.0
Short Blades   | |  1.0
Dodging        | |  2.0
Evocations     | |  3.2

Action                   |  1- 3 |  4- 6 || total
-------------------------+-------+-------++-------
Melee: Short sword       |    24 |    24 ||    48
       Constrict         |     6 |     6 ||    12
       Tentacles         |     3 |       ||     3
Evoke: Wand              |     3 |    11 ||    14
  Use: Scroll            |       |     3 ||     3
 Stab: Sleeping          |     1 |     6 ||     7
       Paralysed         |     6 |       ||     6
Armor: Skin              |     3 |     1 ||     4
Dodge: Dodged            |    12 |    13 ||    25

Table legend:
 A = Non-vault XP
 B = Vault XP
 C = Vault XP percentage of total XP
 D = Non-vault monster count
 E = Vault monster count
 F = Vault count percentage of total count
                 A         B        C        D         E       F
            +---------+---------+-------+---------+---------+-------
      Total |      90 |     133 |  59.6 |      21 |       3 |  12.5
            +---------+---------+-------+---------+---------+-------
        D:1 |      10 |       0 |   0.0 |       6 |       0 |   0.0
        D:2 |      36 |     100 |  73.5 |      13 |       2 |  13.3
        D:4 |      44 |      33 |  42.9 |       2 |       1 |  33.3
            +---------+---------+-------+---------+---------+-------
